 Dungeon Crawl Stone Soup version 0.14-a0-3563-g07d0f32 (webtiles) character file.

311167 Ankalagon the Evocator (level 20, -5/188 HPs)
             Began as a Deep Dwarf Berserker on Mar 27, 2014.
             Was a High Priest of Trog.
             Slain by an ettin
             ... wielding a +0,+0 dire flail
              (6 damage)
             ... on Level 3 of the Depths on Mar 29, 2014.
             The game lasted 04:13:08 (42605 turns).

Ankalagon the Evocator (Deep Dwarf Berserker)      Turns: 42605, Time: 04:13:08

HP  -5/188       AC 41     Str 22      XL: 20   Next: 36%
MP  15/15        EV 17     Int 10 (14) God: Trog [*****.]
Gold 2305        SH  0     Dex 23      Spells:  0 memorised, 19 levels left

rFire  + . .     SeeInvis +     e - +9,+6 great mace of Jepap {antimagic, rF+ rC+}
rCold  + + .     Clarity  .     T - +14 plate armour of the Saviour {Str-3 Dam+4}
rNeg   + . .     Conserve .     (no shield)
rPois  .         rCorr    .     y - +2 hat {Int+3}
rElec  .         rRot     .     S - +2 cloak {rC+}
SustAb . .       Spirit   .     a - +1 pair of gloves
rMut   .         Warding  .     L - +0 pair of boots {Fly}
Gourm  +         Stasis   .     Q - amulet of the gourmand
MR     +++..                    C - ring of see invisible
                                w - ring "Plarhecra" {MP+9 Str+2 Dex+5 Int+2}

@: non-regenerating, flying, extremely resistant to hostile enchantments,
extremely unstealthy
A: damage resistance, recharge devices, life protection 1, sense surroundings 3,
slow healing 3
a: Device Recharging, Burn Spellbooks, Berserk, Trog's Hand, Brothers in Arms,
Renounce Religion, Stop Flying
}: 2/15 runes: serpentine, barnacled


You were on level 3 of the Depths.
You worshipped Trog.
Trog was extremely pleased with you.
You were not hungry.

You visited 7 branches of the dungeon, and saw 43 of its levels.
You also visited: Labyrinth, Bailey and Ice Cave.

You collected 5039 gold pieces.
You spent 2734 gold pieces at shops.

Inventory:

Hand weapons
 e - the +9,+6 great mace of Jepap (weapon) {antimagic, rF+ rC+}
   (You found it on level 10 of the Dungeon)

   It disrupts the flow of magical energy around spellcasters and certain
   magical creatures (including the wielder).
   It protects you from fire.
   It protects you from cold.
 p - the +4,+11 crossbow of Zeaf Wel {penet, Stlth+}
   (You bought it in a shop on level 1 of the Elven Halls)

   Ammo fired by it will pass through the targets it hits, potentially hitting
   all targets in its path until it reaches maximum range.
   It makes you much more stealthy.
Missiles
 g - 4 curare-tipped needles
Armour
 a - a +1 pair of gloves (worn)
 y - a +2 hat of intelligence (worn)
 L - a +0 pair of boots of flying (worn)
 S - a +2 cloak of cold resistance (worn)
 T - the +14 plate armour of the Saviour (worn) {Str-3 Dam+4}
   (You bought it in a shop on level 1 of the Shoals)

   It affects your strength (-3).
   It affects your damage with ranged weapons and melee attacks (+4).
Magical devices
 d - a wand of hasting (8)
 l - a wand of teleportation (3)
 q - a wand of polymorph (2)
 s - a wand of invisibility (1)
 t - a wand of heal wounds (0)
 u - a wand of digging (13)
 J - a wand of disintegration (6)
Comestibles
 k - 7 meat rations
 G - 6 bread rations
Scrolls
 j - 7 scrolls of remove curse
 H - a scroll of magic mapping
 P - 4 scrolls of teleportation
Jewellery
 f - an uncursed amulet of resist mutation
 o - an uncursed ring of protection from fire
 w - the ring "Plarhecra" (left hand) {MP+9 Str+2 Dex+5 Int+2}
   (You found it on level 3 of the Elven Halls)

   [ring of magical power]

   It affects your strength (+2).
   It affects your intelligence (+2).
   It affects your dexterity (+5).
 A - a +4,+3 ring of slaying {unknown}
 C - a ring of see invisible (right hand)
 D - an uncursed ring of protection from fire
 E - an uncursed ring of protection from cold
 I - an uncursed amulet of stasis
 K - an uncursed ring of teleportation
 M - the ring of the Omega Point {Str+1 Dex+2 Stlth+}
   (You found it in a labyrinth)

   [ring of strength]

   It affects your strength (+1).
   It affects your dexterity (+2).
   It makes you much more stealthy.
 Q - an amulet of the gourmand (around neck)
Potions
 h - a potion of restore abilities
 U - 3 potions of curing
 V - 2 potions of haste
Books
 r - a tome of Destruction
Miscellaneous
 b - a fan of gales (inert)
 i - a phial of floods (inert)
 m - a lamp of fire (inert)
 n - a box of beasts {used: 2}
 v - a sack of spiders
 B - a legendary deck of destruction {the Spark}
 F - a lamp of fire (inert)
 N - a lamp of fire (inert)
 O - a sack of spiders {used: 1}
 R - a disc of storms
 X - a sack of spiders {used: 2}
 Z - a phial of floods
Rods
 c - a +8 rod of shadows (12/12) {!a}
   (You acquired it in a bailey)
 x - a +1 rod of destruction (10/10)
   (You took it off a yaktaur captain on level 2 of the Depths)
 z - a +3 lightning rod (17/17) {!a}
   (You found it on level 3 of the Lair of Beasts)


   Skills:
 + Level 13.4 Fighting
 - Level 20.1 Maces & Flails
 + Level 15.6 Armour
 + Level 14.1 Dodging
 - Level 4.6 Stealth
 - Level 25.0 Evocations


You had 19 spell levels left.
You didn't know any spells.

Dungeon Overview and Level Annotations

Branches:
Dungeon (15/15)            Temple (0/1) D:4             Orc (4/4) D:9
    Elf (3/3) Orc:4          Lair (8/8) D:9          Shoals (5/5) Lair:4
  Snake (5/5) Lair:3        Slime (0/6) Lair:6       Vaults (0/5) D:14
 Depths (3/5) D:15

Altars:
Dithmenos
Elyvilon
Makhleb
Sif Muna
Zin
The Shining One

Shops:
Orc:1 [   Orc:3 }   Orc:4 %:([(   Elf:1 (   Shoals:1 [

Portals:
Hell: Depths:1 Depths:2 Depths:3
Abyss: Depths:1
Pandemonium: Depths:3

Annotations:
D:1 exclusion: downstairs
D:2 Sigmund
Shoals:2 1 exclusion
Snake:2 exclusion: Roxanne, Roxanne


Innate Abilities, Weirdness & Mutations

You are resistant to damage.
You can recharge devices by infusing magical energy.
You resist negative energy.
You passively map a large area around you.
You do not heal naturally.


Message History

The deep troll is engulfed in roaring flames.
The deep troll bites you!
* * * LOW HITPOINT WARNING * * *
The deep troll completely misses you. The deep troll claws you.
* * * LOW HITPOINT WARNING * * *
Your air elemental hits the spriggan enchanter.
The spriggan enchanter casts a spell at you.
Your air elemental is unaffected.
The arrow of flame hits your fire elemental.
Your fire elemental appears unharmed.
The deep troll shaman bites you but does no damage.
The deep troll shaman claws you but does no damage.
The deep troll shaman closely misses you.
The deep troll closely misses you.
The deep troll claws you but does no damage. x2
An air elemental merges itself into the air.
The deep troll misses you. The deep troll closely misses you.
The deep troll claws you but does no damage.
The ettin hits you but does no damage. The ettin hits you with a dire flail!
You die...

.#####.........##..#########
...............##>.........#
...#.....#.........#######.#
........###....##.## ,
..T.....# #.iE.##.#####
#.....##* ###E≈≈≈.(...# *,
#...## ##§)≈≈...(# * #..#..#
* ###§§TC≈....# ,, , ..###.
* #§§≈§T@≈....# ** #
**#§E§§§TT.(..# * * #
#..§§#.......# *
*..§E..#!..(...# *, , *
#§§..########## ** ** #
..... * # ..#..T, * *,, ,
### ###.# .,, , , ).###...#
* , ,, ,


You could see an ettin, 3 deep trolls, a spriggan enchanter (invisible), a deep
troll shaman, 2 friendly fire elementals and 2 friendly air elementals.

Vanquished Creatures
  Nikola (Snake:1)
  Asterion (Elf:2)
  An Ice Fiend (IceCv)
  2 tentacled monstrosities (Depths:2)
  2 deep elf blademasters (Elf:3)
  A deep elf master archer (Elf:3)
  A storm dragon (Depths:3)
  2 krakens
  Kirke (Shoals:5)
  A tengu reaver (Depths:3)
  3 greater nagas
  Ilsuiw (Shoals:4)
  A fire giant (Depths:2)
  3 deep elf sorcerers (Elf:3)
  2 emperor scorpions
  Aizul (Snake:1)
  A spectral weapon (Elf:2)
  A frost giant (Depths:1)
  Jorgrun (Snake:2)
  A spriggan defender (Depths:3)
  4 stone giants
  4 deep elf demonologists (Elf:3)
  Azrael (Elf:3)
  The ghost of nht the Brawler, a powerful LOTm of Nemelex Xobeh (Lair:7)
  A dire elephant (Depths:1)
  2 deep elf annihilators (Elf:3)
  3 ettins
  3 merfolk javelineers
  2 blizzard demons
  2 minotaurs
  6 deep elf death magi (Elf:3)
  5 merfolk impalers
  4 fire dragons
  5 yaktaur captains
  6 rakshasas
  2 deep elf high priests (Elf:3)
  5 ice dragons
  13 naga warriors
  10 anacondas
  2 ogre magi
  2 dancing weapons (D:14)
  Erica (Lair:6)
  A satyr (Shoals:4)
  8 merfolk aquamancers
  5 hydras
  4 alligator snapping turtles
  8 death yaks
  A deep troll earth mage (Depths:1)
  7 tengu warriors
  8 naga sharpshooters
  4 spectral elves (Elf:3)
  A spriggan berserker (Depths:3)
  8 shock serpents
  16 very ugly things
  A vampire mage (Depths:2)
  7 orc high priests
  A sun demon (Elf:3)
  4 centaur warriors
  3 salamander mystics
  13 deep elf knights
  6 iron trolls
  17 sea snakes
  7 naga ritualists
  4 ice devils (IceCv)
  5 deep elf summoners
  5 unseen horrors
  3 hill giants (D:15)
  An ice statue (IceCv)
  15 harpies
  6 deep trolls
  5 orc knights (Orc:4)
  A hill giant (shapeshifter) (Elf:1)
  2 water nymphs
  4 griffons
  10 deep elf conjurers
  9 salamanders
  9 mana vipers
  A shining eye (shapeshifter) (Depths:2)
  5 fauns
  A red wasp (shapeshifter) (Depths:1)
  8 cyclopes
  10 manticores
  4 orc sorcerers (Orc:4)
  6 guardian serpents
  A wizard (Depths:2)
  2 mermaids
  Maurice (D:10)
  17 octopodes
  An orange demon (Depths:3)
  2 gargoyles
  19 naga magi
  41 black mambas
  6 spiny frogs
  2 item mimics
  2 hellwings
  2 centaur zombies (D:14)
  13 yaktaurs
  6 tengu conjurers
  5 anaconda simulacra (IceCv)
  A queen bee (Lair:3)
  14 giant fireflies
  3 fire drakes
  25 merfolk
  An efreet (D:15)
  4 komodo dragons
  A minotaur zombie (Lab)
  A hydra zombie (D:10)
  10 deep elf priests
  An iron devil (Depths:1)
  2 spriggan druids (Lair:8)
  A polar bear (D:11)
  A polar bear (shapeshifter) (Depths:2)
  4 trolls
  6 two-headed ogres
  4 boggarts (Depths:1)
  A wind drake (Shoals:5)
  3 wandering mushrooms
  A boulder beetle (D:15)
  4 slime creatures
  5 snapping turtles
  4 basilisks
  2 freezing wraiths (IceCv)
  15 blink frogs
  11 ravens
  2 dire elephant simulacra (IceCv)
  8 grizzly bears
  3 hogs (Shoals:5)
  16 water elementals
  An air elemental (Depths:3)
  2 ynoxinuls
  15 spriggans
  An elephant slug (Lair:4)
  2 vampires
  A neqoxec (Elf:3)
  3 wraiths
  Eustachio (D:9)
  8 sharks
  30 yaks
  A hippogriff (Lair:2)
  2 death yak simulacra (IceCv)
  17 deep elf magi
  5 fire elementals (Elf:3)
  3 harpy simulacra (IceCv)
  A steam dragon (D:6)
  16 wolves
  33 ugly things
  29 deep elf fighters
  A hydra simulacrum (IceCv)
  A chaos spawn (Depths:3)
  2 hungry ghosts
  Edmund (D:8)
  2 iron troll simulacra (IceCv)
  57 nagas
  3 small abominations
  Menkaure (D:7)
  4 wargs
  7 porcupines
  2 hell hounds (Elf:3)
  An ogre skeleton (D:12)
  15 water moccasins
  2 mottled dragons (D:11)
  8 black bears (Lair:8)
  A swamp drake (Depths:3)
  A tengu (D:11)
  33 orc warriors
  2 necrophages
  4 ice beasts
  15 centaurs
  2 giant goldfish (Lair:6)
  A manticore skeleton (D:10)
  13 ogres
  A phantom (D:4)
  4 boring beetles
  10 crocodiles
  Duvessa (D:8)
  5 giant slugs
  2 lost souls (Elf:3)
  2 komodo dragon zombies (D:12)
  Blork the orc (Orc:1)
  2 gnoll sergeants
  A swamp dragon simulacrum (IceCv)
  2 eyes of draining
  16 giant frogs
  2 scorpions (D:9)
  42 killer bees
  10 wights
  6 electric eels
  Dowan (D:8)
  19 jellies
  12 crimson imps
  3 goliath beetles
  10 hounds
  A quasit (D:6)
  2 big fish (Lair:6)
  A draconian simulacrum (IceCv)
  An elf zombie (D:15)
  A giant frog zombie (D:6)
  21 orc priests
  2 gnoll shamans
  6 iguanas
  2 giant frog skeletons
  4 iron imps (Depths:1)
  A two-headed ogre skeleton (D:7)
  4 troll simulacra (IceCv)
  13 worker ants
  39 sheep
  2 spriggan simulacra (IceCv)
  4 centaur simulacra (IceCv)
  Ijyb (D:2)
  Jessica (D:2)
  A big kobold skeleton (D:10)
  2 ogre zombies
  Terence (D:2)
  A mummy (D:9)
  34 gnolls
  6 orc zombies
  40 adders
  4 ogre simulacra (IceCv)
  2 worm zombies
  33 orc wizards
  A giant mite (Lair:3)
  26 green rats
  4 shadow imps
  7 worms
  16 white imps
  6 ufetubi (IceCv)
  8 giant eyeballs
  5 oozes
  140 orcs
  6 giant cockroaches
  14 hobgoblins
  11 jackals
  12 kobolds
  3 ball pythons
  22 bats
  11 giant geckos
  8 giant newts
  A giant spore (D:8)
  20 goblins
  A hobgoblin skeleton (D:4)
  An orc skeleton (D:9)
  9 quokkas
  26 rats
  A crawling corpse (Elf:3)
  A fungus (Lair:7)
  8 plants
  3 tentacles
  A tentacle segment (Shoals:1)
1734 creatures vanquished.

Vanquished Creatures (collateral kills)
  A deep elf blademaster (Elf:3)
  A deep elf master archer (Elf:3)
  A deep elf sorcerer (Elf:3)
  Louise (Elf:3)
  A greater naga (Snake:5)
  A cacodemon (Elf:3)
  A deep elf demonologist (Elf:3)
  3 deep elf annihilators (Elf:3)
  A merfolk javelineer (Shoals:5)
  3 deep elf death magi (Elf:3)
  2 deep elf high priests (Elf:3)
  An ice dragon (Depths:2)
  A large abomination (Elf:3)
  7 naga warriors
  A deep troll earth mage (Depths:2)
  A merfolk aquamancer (Shoals:5)
  An ogre mage (Depths:1)
  A shock serpent (Snake:5)
  A satyr (Shoals:5)
  An anaconda (Snake:1)
  A deep troll shaman (Depths:2)
  A very ugly thing (Depths:3)
  3 spectral elves (Elf:3)
  A centaur warrior (Depths:3)
  4 naga sharpshooters
  A deep elf knight (Elf:2)
  A sea snake (Shoals:4)
  A salamander mystic (Snake:3)
  A naga ritualist (Snake:5)
  A water nymph (Shoals:4)
  A harpy (Shoals:5)
  A deep troll (Depths:2)
  An oklob plant (Shoals:3)
  3 griffons (Shoals:5)
  A manticore (Shoals:3)
  4 mermaids (Shoals:5)
  A black mamba (Snake:5)
  A naga mage (Snake:5)
  2 two-headed ogres (Depths:1)
  3 merfolk
  A deep elf priest (Elf:3)
  3 deep elf magi
  2 snapping turtles (Shoals:5)
  2 hogs (Shoals:5)
  A shark (Shoals:4)
  3 ugly things
  4 water elementals (Shoals:5)
  4 deep elf fighters
  An iron troll simulacrum (IceCv)
  A hell hound (Elf:3)
  9 nagas
  3 ogres
  An orc warrior (Orc:2)
  A lost soul (Elf:3)
  A centaur (Depths:3)
  A polar bear simulacrum (IceCv)
  A spriggan simulacrum (IceCv)
  A wolf simulacrum (IceCv)
  3 crawling corpses (Elf:3)
107 creatures vanquished.

Vanquished Creatures (others)
  A fire giant (Depths:3)
  A deep elf sorcerer (Elf:3)
  A merfolk impaler (Shoals:5)
  A shambling mangrove (Depths:3)
  A centaur warrior (Elf:2)
  3 air elementals (Depths:3)
  A hill giant (Snake:4)
  A spectral elf (Elf:3)
  15 water elementals
  2 yaktaurs (Snake:4)
  A centaur zombie (Orc:4)
  A jumping spider (IceCv)
  15 fire elementals
  2 ravens (Depths:3)
  An earth elemental (Shoals:5)
  3 redbacks
  2 trapdoor spiders (IceCv)
  A yak (Snake:1)
  A vampire mosquito (Snake:5)
  A naga (Snake:5)
  A small abomination (Shoals:4)
  A sky beast (Orc:4)
  A giant slug (Shoals:5)
  A worker ant (Orc:4)
  A shadow imp (Snake:1)
  5 white imps (IceCv)
  An ufetubus (IceCv)
  An orc (Orc:4)
  A goblin (Orc:4)
  A crawling corpse (Elf:3)
  2 fungi
  3 plants
  20 tentacles
  244 tentacle segments
338 creatures vanquished.

Grand Total: 2179 creatures vanquished

Notes
Turn   | Place    | Note
--------------------------------------------------------------
     0 | D:1      | Ankalagon, the Deep Dwarf Berserker, began the quest for the Orb.
     0 | D:1      | Reached XP level 1. HP: 20/20 MP: 1/1
   185 | D:1      | Reached XP level 2. HP: 20/27 MP: 2/2
   282 | D:1      | Acquired Trog's second power
   666 | D:1      | Reached skill level 1 in Stealth
   792 | D:2      | Noticed Sigmund
   907 | D:2      | Reached XP level 3. HP: 30/33 MP: 3/3
   956 | D:2      | Noticed Jessica
   967 | D:2      | Killed Jessica
   967 | D:2      | Reached skill level 4 in Maces & Flails
  1070 | D:2      | Noticed Terence
  1077 | D:2      | Killed Terence
  1077 | D:2      | Reached XP level 4. HP: 40/40 MP: 4/4
  1204 | D:2      | Reached skill level 5 in Maces & Flails
  1736 | D:2      | Reached XP level 5. HP: 33/46 MP: 5/5
  1851 | D:2      | Noticed Ijyb
  1873 | D:2      | Killed Ijyb
  2278 | D:3      | Noticed an ogre
  2282 | D:3      | Killed an ogre
  2282 | D:3      | Reached skill level 6 in Maces & Flails
  2445 | D:3      | Reached XP level 6. HP: 40/55 MP: 6/6
  2607 | D:3      | Found a deep blue altar of Sif Muna.
  2774 | D:4      | Reached skill level 7 in Maces & Flails
  2780 | D:4      | Found a staircase to the Ecumenical Temple.
  3010 | D:4      | Reached XP level 7. HP: 28/61 MP: 7/7
  3104 | D:4      | Reached skill level 8 in Maces & Flails
  3213 | D:4      | Acquired Trog's third power
  3680 | D:5      | Entered Level 5 of the Dungeon
  4045 | D:5      | Reached XP level 8. HP: 61/68 MP: 7/7
  4236 | D:5      | Reached skill level 9 in Maces & Flails
  4505 | D:6      | Reached skill level 1 in Evocations
  4539 | D:6      | Found a glowing silver altar of Zin.
  4568 | D:6      | Paralysed by a giant eyeball for 2 turns
  4574 | D:6      | Reached skill level 5 in Dodging
  4575 | D:6      | Paralysed by a giant eyeball for 3 turns
  5051 | D:6      | Reached skill level 5 in Armour
  5667 | D:7      | Gained mutation: You passively map the area around you. [level up]
  5667 | D:7      | Reached XP level 9. HP: 42/74 MP: 10/12
  5708 | D:7      | Noticed Menkaure
  5710 | D:7      | Killed Menkaure
  6118 | D:8      | Noticed Edmund
  6130 | D:8      | Killed Edmund
  6130 | D:8      | Reached skill level 5 in Evocations
  6186 | D:8      | Noticed Dowan
  6189 | D:8      | Noticed Duvessa
  6202 | D:8      | Killed Duvessa
  6203 | D:8      | Killed Dowan
  6430 | D:8      | Reached skill level 10 in Maces & Flails
  6716 | D:9      | Received a gift from Trog
  6740 | D:9      | Noticed Eustachio
  6754 | D:9      | Killed Eustachio
  6829 | D:9      | Found a staircase to the Lair.
  6969 | D:9      | Reached XP level 10. HP: 52/81 MP: 18/18
  7092 | D:9      | Reached skill level 11 in Maces & Flails
  7209 | D:9      | Paralysed by a giant eyeball for 4 turns
  7342 | D:9      | Found a staircase to the Orcish Mines.
  7428 | D:9      | Found a shadowy altar of Dithmenos.
  7429 | D:9      | Found a glowing silver altar of Zin.
  7457 | D:10     | Entered Level 10 of the Dungeon
  7545 | D:10     | Paralysed by a giant eyeball for 4 turns
  8432 | D:10     | Got a twisted great mace
  8433 | D:10     | Identified the +9,+6 great mace of Jepap {antimagic, rF+ rC+} (You found it on level 10 of the Dungeon)
  8464 | D:11     | Reached skill level 12 in Maces & Flails
  8633 | D:11     | Noticed Maurice
  8640 | D:11     | Reached XP level 11. HP: 53/88 MP: 7/21
  8676 | D:10     | Killed Maurice
  8804 | D:10     | Received a gift from Trog
  9465 | D:12     | Reached skill level 13 in Maces & Flails
  9712 | D:12     | HP: 4/88 [komodo dragon zombie (12)]
  9932 | D:12     | Killed an unseen horror
 10169 | D:13     | Noticed a centaur warrior
 10270 | Lair:1   | Entered Level 1 of the Lair of Beasts
 10555 | Lair:1   | Received a gift from Trog
 10592 | Lair:1   | Reached skill level 14 in Maces & Flails
 10644 | Lair:1   | Found a white marble altar of Elyvilon.
 11489 | Lair:3   | Noticed a four-headed hydra
 11496 | Lair:3   | Killed a four-headed hydra
 11496 | Lair:3   | Reached XP level 12. HP: 60/97 MP: 7/23
 11649 | Lair:3   | Reached skill level 15 in Maces & Flails
 11799 | Lair:3   | Found a staircase to the Snake Pit.
 12076 | Lair:3   | Reached skill level 5 in Fighting
 12935 | Lair:4   | Found a staircase to the Shoals.
 13334 | Lair:5   | Noticed an eight-headed hydra
 13342 | Lair:5   | Killed an eight-headed hydra
 13342 | Lair:5   | Reached skill level 16 in Maces & Flails
 14240 | Lair:6   | Noticed an eight-headed hydra
 14246 | Lair:6   | Killed an eight-headed hydra
 14287 | Lair:6   | Received a gift from Trog
 14454 | Lair:6   | Noticed Erica
 14482 | Lair:6   | Killed Erica
 14514 | Lair:6   | Found a staircase to the Slime Pits.
 14557 | Lair:6   | Reached XP level 13. HP: 81/110 MP: 7/23
 14757 | Lair:6   | Reached skill level 17 in Maces & Flails
 15320 | Lair:7   | Noticed nht's ghost (powerful LOTm)
 15335 | Lair:7   | Killed nht's ghost
 15590 | Lair:7   | Reached skill level 18 in Maces & Flails
 15723 | Lair:8   | Entered Level 8 of the Lair of Beasts
 15756 | Lair:8   | Found a burning altar of Makhleb.
 15938 | Lair:8   | Received a gift from Trog
 16425 | Lair:8   | Reached skill level 19 in Maces & Flails
 17081 | D:13     | Received a gift from Trog
 17081 | D:13     | Gained mutation: You resist negative energy. [level up]
 17081 | D:13     | Reached XP level 14. HP: 117/117 MP: 8/24
 17709 | D:14     | Paralysed by a giant eyeball for 2 turns
 17857 | D:14     | Received a gift from Trog
 17898 | D:14     | Reached skill level 20 in Maces & Flails
 17930 | D:14     | Found a gate to the Vaults.
 18342 | D:15     | Entered Level 15 of the Dungeon
 18448 | D:15     | Reached skill level 10 in Evocations
 18675 | D:15     | Found a staircase to the Depths.
 18931 | D:15     | Reached skill level 10 in Armour
 19434 | Orc:1    | Entered Level 1 of the Orcish Mines
 19434 | Orc:1    | Found Heezaam's Armour Boutique.
 19448 | Orc:1    | Received a gift from Trog
 19476 | Orc:1    | Found a flagged portal.
 19494 | Bailey   | Entered a bailey
 19602 | Bailey   | Identified a scroll of acquirement
 19604 | Bailey   | Identified a +8 rod of shadows (12/12) (You acquired it in a bailey)
 19781 | Orc:1    | Noticed Blork the orc
 19787 | Orc:1    | Killed Blork the orc
 20306 | Orc:4    | Entered Level 4 of the Orcish Mines
 20306 | Orc:4    | Found a staircase to the Elven Halls.
 20311 | Orc:4    | Reached XP level 15. HP: 94/128 MP: 9/26
 20454 | Orc:4    | Received a gift from Trog
 20490 | Orc:4    | Found a labyrinth entrance.
 20510 | Lab      | Entered a labyrinth
 21059 | Lab      | Got a glittering granite ring
 21067 | Lab      | Identified the ring of the Omega Point {Str+1 Dex+2 Stlth+} (You found it in a labyrinth)
 21191 | Orc:4    | Found Alulaqal's Food Emporium.
 21414 | Orc:4    | Found Tryvi's Weapon Shop.
 21460 | Orc:4    | Found Masuhas' Weapon Shoppe.
 21468 | Orc:4    | Found Qiph's Book Shoppe.
 21474 | Orc:4    | Found Yxzuunao's Armour Shop.
 21536 | Orc:4    | Received a gift from Trog
 21893 | Orc:3    | Received a gift from Trog
 21914 | Orc:3    | Found Sauvvaq's Gadget Boutique.
 21920 | Orc:3    | Bought a lamp of fire for 560 gold pieces
 23050 | Orc:1    | Received a gift from Trog
 23062 | Orc:1    | Upgraded the game from 0.14-a0-3520-g290746a to 0.14-a0-3545-g7d9ef9c
 23152 | Snake:1  | Entered Level 1 of the Snake Pit
 23295 | Snake:1  | Reached skill level 10 in Dodging
 23502 | Snake:1  | Noticed Nikola
 23525 | Snake:1  | Noticed Aizul
 23525 | Snake:1  | Killed Nikola
 23623 | Snake:1  | Killed Aizul
 24066 | Snake:2  | Found a frozen archway.
 24108 | Snake:2  | Received a gift from Trog
 24131 | IceCv    | Entered an ice cave
 24697 | IceCv    | Noticed an Ice Fiend
 24746 | IceCv    | Killed an Ice Fiend
 25400 | Snake:2  | Noticed Roxanne
 25459 | Snake:2  | Reached XP level 16. HP: 104/142 MP: 9/27
 25495 | Snake:2  | Noticed Jorgrun
 25505 | Snake:2  | Killed Jorgrun
 26490 | Snake:3  | Received a gift from Trog
 27913 | Snake:4  | Reached skill level 15 in Evocations
 28025 | Snake:4  | Reached skill level 10 in Fighting
 29263 | Snake:5  | Entered Level 5 of the Snake Pit
 29282 | Snake:5  | Reached XP level 17. HP: 153/153 MP: 9/29
 30123 | Snake:5  | Received a gift from Trog
 30613 | Snake:5  | Got a serpentine rune of Zot
 30880 | Shoals:1 | Entered Level 1 of the Shoals
 31428 | Shoals:1 | Found Hetafeah's Armour Shoppe.
 31467 | Shoals:1 | Bought the +14 plate armour of the Saviour {Str-3 Dam+4} for 1502 gold pieces
 32042 | Shoals:2 | Found a deep blue altar of Sif Muna.
 32464 | Shoals:3 | Found a glowing golden altar of the Shining One.
 32609 | Shoals:3 | Received a gift from Trog
 34060 | Shoals:5 | Entered Level 5 of the Shoals
 34070 | Shoals:5 | Noticed Ilsuiw
 34123 | Shoals:4 | Reached skill level 15 in Armour
 34140 | Shoals:4 | Killed Ilsuiw
 34202 | Shoals:4 | Gained mutation: You passively map a large area around you. [level up]
 34202 | Shoals:4 | Reached XP level 18. HP: 49/160 MP: 10/32
 34257 | Shoals:5 | Noticed Kirke
 34272 | Shoals:5 | Killed Kirke
 35338 | Shoals:5 | Got a barnacled rune of Zot
 36150 | Elf:1    | Entered Level 1 of the Elven Halls
 36223 | Elf:1    | Found Iteas' Antique Weapon Shoppe.
 36268 | Elf:1    | Bought a warped crossbow for 336 gold pieces
 36268 | Elf:1    | Bought a fine crossbow for 336 gold pieces
 36269 | Elf:1    | Identified the +4,+4 crossbow of Ashenzari's Whim {elec, rN+} (You bought it in a shop on level 1 of the Elven Halls)
 36272 | Elf:1    | Identified the +4,+11 crossbow of Zeaf Wel {penet, Stlth+} (You bought it in a shop on level 1 of the Elven Halls)
 37509 | Elf:2    | Noticed Asterion
 37527 | Elf:2    | Killed Asterion
 37614 | Elf:3    | Entered Level 3 of the Elven Halls
 37616 | Elf:3    | Noticed Louise
 37620 | Elf:3    | Killed Louise
 38204 | Elf:3    | Noticed Azrael
 38213 | Elf:3    | Reached XP level 19. HP: 80/178 MP: 11/33
 38369 | Elf:3    | Reached skill level 21 in Evocations
 38618 | Elf:3    | Killed Azrael
 38622 | Elf:3    | Received a gift from Trog
 38664 | Elf:3    | Got a sparkling golden ring
 38694 | Elf:3    | Got a faintly humming plate armour
 38716 | Elf:3    | Identified the cursed -1 plate armour of Narcissism {Str-3 Int+2} (You found it on level 3 of the Elven Halls)
 38749 | Elf:3    | Got a faintly glowing plate armour
 38771 | Elf:3    | Identified the +9 plate armour "Mninniass" {Dex+5 Int-1} (You found it on level 3 of the Elven Halls)
 38825 | Elf:3    | Got a scintillating bronze ring
 38826 | Elf:3    | Identified the ring "Uniolo Tavi" {-Tele rN+ Str+3 Stlth--} (You took it off a deep elf demonologist on level 3 of the Elven Halls)
 38828 | Elf:3    | Identified the ring "Plarhecra" {MP+9 Str+2 Dex+5 Int+2} (You found it on level 3 of the Elven Halls)
 38835 | Elf:3    | Got a transparent swamp dragon armour
 38854 | Elf:3    | Identified the +5 swamp dragon armour of the Forest {rPois rC+} (You found it on level 3 of the Elven Halls)
 39211 | Elf:3    | Reached skill level 22 in Evocations
 39488 | Depths:1 | Entered Level 1 of the Depths
 39568 | Depths:1 | Got a jewelled plate armour
 39590 | Depths:1 | Identified the cursed +9 plate armour "Smixtac" {rC+ Str+4 SInv} (You found it on level 1 of the Depths)
 40167 | Depths:1 | Found a one-way gate to the infinite horrors of the Abyss.
 40200 | Depths:1 | Found a gateway to Hell.
 40206 | Depths:1 | Reached skill level 23 in Evocations
 41182 | Depths:2 | Received a gift from Trog
 41232 | Depths:2 | Reached skill level 24 in Evocations
 41608 | Depths:2 | Reached XP level 20. HP: 130/187 MP: 15/36
 41943 | Depths:3 | Reached skill level 25 in Evocations
 41944 | Depths:3 | Found a one-way gate leading to the halls of Pandemonium.
 42235 | Depths:3 | Received a gift from Trog
 42344 | Depths:2 | Identified a +1 rod of destruction (2/10) (You took it off a yaktaur captain on level 2 of the Depths)
 42604 | Depths:3 | HP: 5/188 [ettin/dire flail (10)]
 42604 | Depths:3 | HP: 1/188 [deep troll (4)]
 42605 | Depths:3 | Upgraded the game from 0.14-a0-3545-g7d9ef9c to 0.14-a0-3563-g07d0f32
 42605 | Depths:3 | Slain by an ettin

Action                   |  1- 3 |  4- 6 |  7- 9 | 10-12 | 13-15 | 16-18 | 19-21 || total
-------------------------+-------+-------+-------+-------+-------+-------+-------++-------
Melee: Mace              |   118 |    20 |    33 |       |       |       |       ||   171
       Flail             |       |   148 |   245 |   211 |       |       |       ||   604
       Whip              |       |     8 |    91 |       |       |       |       ||    99
       Morningstar       |       |       |   119 |       |       |       |       ||   119
       Demon whip        |       |       |    40 |     4 |       |       |       ||    44
       Great mace        |       |       |       |   695 |  1358 |  1481 |   625 ||  4159
       Rod               |       |       |       |    57 |     2 |       |       ||    59
       Unarmed           |       |       |       |       |     7 |       |       ||     7
 Fire: Sling             |       |    28 |    20 |       |       |       |       ||    48
       Blowgun           |       |       |       |       |       |     5 |     2 ||     7
Throw: Stone             |    24 |     8 |     4 |       |       |       |       ||    36
       Javelin           |       |       |       |     6 |       |       |       ||     6
Invok: Berserk           |     3 |     5 |    18 |    11 |     8 |    12 |     3 ||    60
       Trog's Hand       |       |     1 |     7 |    19 |    44 |    71 |    35 ||   177
       Burn Spellbooks   |       |       |       |     2 |     8 |     4 |     6 ||    20
 Abil: Device Recharging |       |       |     2 |       |     2 |       |       ||     4
       Evoke Teleportati |       |       |       |       |     4 |       |       ||     4
       Evoke Flight      |       |       |       |       |     2 |    12 |     1 ||    15
Evoke: Wand              |     1 |     1 |    42 |    66 |    82 |    40 |    23 ||   255
       Rod               |       |       |       |    20 |    81 |   108 |    23 ||   232
       Stone of tremors  |       |       |       |       |     2 |     2 |       ||     4
       Sack of spiders   |       |       |       |       |     2 |     1 |       ||     3
       Lamp of fire      |       |       |       |       |     1 |    15 |    11 ||    27
       Phial of floods   |       |       |       |       |     1 |    10 |     7 ||    18
       tome              |       |       |       |       |       |    63 |    41 ||   104
       Box of beasts     |       |       |       |       |       |     1 |     1 ||     2
       Fan of gales      |       |       |       |       |       |       |     2 ||     2
  Use: Scroll            |       |    11 |    13 |    18 |    15 |    21 |     9 ||    87
       Potion            |       |       |     2 |     7 |     7 |     9 |     5 ||    30
 Stab: Sleeping          |     1 |       |       |       |     4 |       |       ||     5
       Paralysed         |       |       |       |     7 |    22 |     7 |       ||    36
       Confused          |       |       |       |     1 |       |       |       ||     1
       Invisible         |       |       |       |       |    24 |    23 |     7 ||    54
       Distracted        |       |       |       |       |     1 |     5 |     2 ||     8
       Held in net/web   |       |       |       |       |       |     1 |       ||     1
